AoeStats
← TheUnity-BvB09

Arabia

503424708Analyzed
1v1 RM · 1mo ago on Aug 31, 2026· 23m 36s· 2 players
Game mode
Random Map
Map size
Tiny (2 player)
Population
200
Speed
Normal
Resources
Standard
Victory
Conquest
Starting age
Dark Age
Ending age
Imperial Age
RankedLock teamsTeams togetherTeam positionsShared explorationLock speedFull tech treeHidden civsTurbo modeCheats
Victory
Defeat
🇲🇽 Aztecs · Mexico
1031
+15
🇫🇮 Magyars · Finland
1019
-15
obiens
7:24 Loom
10:18 Feudal Age
10:56 Horse Collar
11:03 Double-Bit Axe
15:55 Wheelbarrow
19:45 Castle Age
TheUnity-BvB09
3:26 Loom
10:06 Feudal Age
11:32 Wheelbarrow
10:47 Double-Bit Axe
22:10 Castle Age
21:11 Padded Archer Armor
21:01 Fletching
22:17 Crossbowman
23:28 Leather Archer Armor
23:08 Bodkin Arrow
24:33 Ballistics
Connection lost

Rejoining the realm…

Still unreachable

The connection could not be restored.

Session expired

The server has moved on; the page needs a fresh start.